AoeStats
← xlyons64

Arabian Desert

509273957Analyzed
1v1 RM · 6d ago on Sep 26, 2026· 58m 28s· 2 players
Game mode
Random Map
Map size
Tiny (2 player)
Population
200
Speed
Normal
Resources
Standard
Victory
Conquest
Starting age
Dark Age
Ending age
Imperial Age
RankedLock teamsTeams togetherTeam positionsShared explorationLock speedFull tech treeHidden civsTurbo modeCheats
Victory
Defeat
🇮🇳 Burgundians · India
395
+20
🇺🇸 Persians · United States
492
-22
LordRD
3:24 Double-Bit Axe
9:26 Wheelbarrow
13:10 Feudal Age
12:17 Stone Mining
12:21 Gold Mining
13:54 Horse Collar
14:34 Bow Saw
15:05 Gold Shaft Mining
17:03 Stone Shaft Mining
16:48 Town Watch
21:06 Heavy Plow
23:52 Castle Age
22:28 Arson
24:12 Cavalier
24:53 Husbandry
26:13 Two-Man Saw
25:46 Crop Rotation
28:50 Scale Barding Armor
29:05 Hand Cart
28:52 Town Patrol
29:04 Burgundian Vineyards
28:32 Light Cavalry
35:35 Imperial Age
37:01 Conscription
38:01 Paladin
39:46 Chain Barding Armor
47:31 Elite Coustillier
48:43 Town Patrol
60:00 Chemistry
59:20 Ballistics
xlyons64
2:02 Loom
10:39 Feudal Age
16:54 Castle Age
16:54 Double-Bit Axe
17:36 Horse Collar
20:58 Man-at-Arms
22:27 Long Swordsman
29:42 Kamandaran
30:58 Town Watch
33:38 Bow Saw
33:53 Heavy Plow
34:43 Crossbowman
37:25 Wheelbarrow
38:01 Thumb Ring
39:43 Stone Mining
39:44 Gold Mining
42:30 Imperial Age
40:01 Town Patrol
44:48 Fletching
44:59 Padded Archer Armor
50:01 Ballistics
50:42 Chemistry
49:41 Bodkin Arrow
50:02 Leather Archer Armor
58:33 Hand Cart
Connection lost

Rejoining the realm…

Still unreachable

The connection could not be restored.

Session expired

The server has moved on; the page needs a fresh start.